 Dungeon Crawl Stone Soup version 0.29.1-13-g9f3cf754e1 (webtiles) character file.

Game seed: 12131699605772993912

9955 cheesebisquit the Marksminotaur (level 11, -4/120 HPs)
             Began as a Minotaur Hunter on Jan 31, 2023.
             Was an Elder of Okawaru.
             Slain by a boulder beetle (26 damage)
             ... on level 11 of the Dungeon.
             The game lasted 00:43:47 (15363 turns).

cheesebisquit the Marksminotaur (Minotaur Hunter)  Turns: 15363, Time: 00:43:47

Health: -4/120     AC: 29    Str: 16    XL:     11   Next: 29%
Magic:  3/10       EV:  2    Int:  6    God:    Okawaru [****..]
Gold:   16         SH:  0    Dex: 18    Spells: 10/10 levels left

rFire   . . .      SeeInvis .     - Unarmed
rCold   . . .      Faith    .   (no shield)
rNeg    . . .      Spirit   .   (body armour currently unavailable)
rPois   +          Reflect  .   (helmet currently unavailable)
rElec   .          Harm     .   (cloak currently unavailable)
rCorr   +          Rampage  .   (gloves currently unavailable)
Will    .....      NoTele   +   (boots currently unavailable)
Stlth   +++.......              k - amulet of the acrobat
HPRegen 0.30/turn               h - +4 ring of protection
MPRegen 0.12/turn               s - ring of resist corrosion

@: tree-form, heroic, acrobatic
A: stationary, stasis, torment immunity, boosted hp, (horns 2), (retaliatory
headbutt)
a: Renounce Religion, Heroism, Finesse


You were on level 11 of the Dungeon.
You worshipped Okawaru.
Okawaru was greatly pleased with you.
You were a tree.
You visited 2 branches of the dungeon, and saw 12 of its levels.

You collected 499 gold pieces.
You spent 483 gold pieces at shops.

Inventory:

Hand Weapons
 a - a +0 vorpal shortbow
Missiles
 f - 5 datura-tipped darts
 u - 7 curare-tipped darts
 w - 6 poisoned darts
Armour
 c - a +0 leather armour
 d - the +0 cloak of the Past (melded) {rN+ Dex+3}
   (You found it on level 9 of the Dungeon)

   Dex:       It affects your dexterity (+3).
   rN:        It protects you from negative energy.
 g - a +0 pair of gloves (melded)
 q - a +2 pair of boots (melded)
 E - a +2 hat (melded)
 F - a +2 scale mail of fire resistance (melded)
 H - a +0 plate armour of willpower
Jewellery
 h - a +4 ring of protection (left branch)
 k - an amulet of the acrobat (around neck)
 s - a ring of resist corrosion (right branch)
Wands
 l - a wand of roots (13)
 r - a wand of paralysis (7)
 A - a wand of digging (6)
Scrolls
 b - 4 scrolls of immolation
 e - a scroll of silence {unknown}
 m - 2 scrolls of teleportation
 p - 3 scrolls of magic mapping {unknown}
 v - 2 scrolls of fog
 B - a scroll of enchant armour {unknown}
 G - a scroll of enchant weapon {unknown}
Potions
 i - a potion of mutation
 n - a potion of magic
 o - 2 potions of attraction
 x - 3 potions of flight
 C - 2 potions of brilliance
 D - a potion of resistance
 J - a potion of ambrosia {unknown}


   Skills:
 - Level 2.4(7.4) Fighting
 - Level 16.0(21.0) Ranged Weapons
 + Level 12.5(17.5) Armour
 - Level 2.1(7.1) Dodging
 - Level 0.7(5.7) Stealth


You had 10 spell levels left.
You didn't know any spells.
Your spell library contained the following spells:

 Spells                   Type           Power      Damage    Failure   Level
 Sublimation of Blood     Necr           0%         N/A       58%         2
 Conjure Flame            Conj/Fire      0%         6-21      83%         3
 Ignite Poison            Fire/Tmut/Pois 0%         N/A       83%         3
 Petrify                  Tmut/Erth      0%         N/A       99%         4
 Sticky Flame             Conj/Fire      0%         2d3       99%         4
 Irradiate                Conj/Tmut      0%         3d11      100%        5


Dungeon Overview and Level Annotations

Branches:
Dungeon (11/15)            Temple (1/1) D:6            Lair (0/5) D:10
    Orc (0/2) D:9

Altars:
Ashenzari
Cheibriados
Dithmenos
Elyvilon
Fedhas
Gozag
Hepliaklqana
Kikubaaqudgha
Makhleb
Nemelex Xobeh
Okawaru
Qazlal
Ru
Sif Muna
Trog
Uskayaw
Vehumet
Wu Jian
Xom
Yredelemnul
Zin
The Shining One

Shops:
D:3 (**(!   D:6 =

Annotations:
D:5 4 runed translucent doors


Innate Abilities, Weirdness & Mutations

You are a tree.
Your roots penetrate the ground, keeping you stationary.
You cannot be teleported.
You are immune to unholy pain and torment.
Your maximum health is greatly increased.
Your equipment is partially melded.
((You have a pair of horns on your head.))
((You reflexively headbutt those who attack you in melee.))


Message History

The boulder beetle closely misses you.
Fire: a) +0 shortbow (vorpal)
Press: ? - help, Q - select action, (/) - cycle Shift-Dir - straight line, f/p - boulder beetle
Aim: a boulder beetle (almost dead, 92% to hit)
You shoot an arrow.
The arrow hits the boulder beetle but does no damage.
The boulder beetle is almost dead.
The boulder beetle bites you.
Fire: a) +0 shortbow (vorpal)
Press: ? - help, Q - select action, (/) - cycle Shift-Dir - straight line, f/p - boulder beetle
Aim: a boulder beetle (almost dead, 92% to hit)
You shoot an arrow.
The arrow hits the boulder beetle but does no damage.
The boulder beetle is almost dead.
Fire: a) +0 shortbow (vorpal)
Press: ? - help, Q - select action, (/) - cycle Shift-Dir - straight line, f/p - boulder beetle
Aim: a boulder beetle (almost dead, 92% to hit)
You shoot an arrow.
The arrow hits the boulder beetle but does no damage.
The boulder beetle is almost dead.
You feel like a meek peon again. The boulder beetle bites you!
You gain the combat prowess of a mighty hero.
The boulder beetle bites you!
* * * LOW HITPOINT WARNING * * *
Really quaff the potion of lignification? [Y]es or [N]o only, please.
Really quaff the potion of lignification?
You turn into a tree.
The +0 cloak of the Past {rN+ Dex+3} melds into your body.
Your +2 hat melds into your body.
Your +0 pair of gloves melds into your body.
Your +2 pair of boots melds into your body.
Your +2 scale mail of fire resistance melds into your body.
You feel less resistant to fire.
Your roots penetrate the ground.
The boulder beetle bites you but does no damage.
You are now empty-handed.
The boulder beetle leaps!
The boulder beetle curls into a ball and begins rolling!
The boulder beetle hits you!!
You die...

## .# .#
####.###
#.....$#
#......#
#......#
#.♣....#
#.B....#
#..○...#
#?..°..#
#...°....
#......##.
#......#
##.#####


You could see a boulder beetle (rolling).

Vanquished Creatures
  A two-headed ogre (D:9)
  An ugly thing (D:10)
  3 komodo dragons (D:10)
  An unseen horror (D:10)
  3 trolls
  Grinder (D:3)
  A hornet (D:8)
  2 shadows
  4 wyverns
  A vampire (D:10)
  2 basilisks (D:10)
  8 yaks
  Menkaure (D:7)
  An acid dragon (D:9)
  4 water moccasins
  A sky beast (D:8)
  A swamp drake (D:10)
  5 orc warriors
  An ice beast (D:5)
  A black bear (D:6)
  4 ogres
  2 centaurs
  A kobold brigand (D:8)
  Blork the orc (D:5)
  2 bullfrogs
  3 scorpions
  10 wights
  16 killer bees
  6 howler monkeys
  2 jellies
  2 orc priests
  A hound (D:7)
  7 orc wizards
  An iguana (D:5)
  7 gnolls (D:5)
  4 adders
  A shadow imp (D:5)
  A dart slug (D:1)
  A worm (D:3)
  42 orcs
  6 endoplasms
  5 giant cockroaches
  4 goblins
  4 hobgoblins
  4 jackals (D:1)
  14 kobolds
  4 quokkas
  7 ball pythons
  4 bats
  3 frilled lizards
  3 rats
215 creatures vanquished.

Vanquished Creatures (others)
  2 withered plants (D:2)
2 creatures vanquished.

Grand Total: 217 creatures vanquished

Notes
Turn   | Place    | Note
-------+----------+-------------------------------------------
     0 | D:1      | cheesebisquit the Minotaur Hunter began the quest for the
                  | Orb.
     0 | D:1      | Reached XP level 1. HP: 18/18 MP: 0/0
   106 | D:1      | Reached XP level 2. HP: 25/25 MP: 1/1
   114 | D:1      | Reached skill level 5 in Ranged Weapons
   982 | D:2      | Reached XP level 3. HP: 30/30 MP: 2/2
  1276 | D:2      | Reached skill level 6 in Ranged Weapons
  1434 | D:2      | Found a faded altar of an unknown god.
  1800 | D:3      | Reached XP level 4. HP: 34/37 MP: 3/3
  1971 | D:3      | Found Ojidicih's Antique Weapon Shop.
  2230 | D:3      | Found Xestra's Weapon Shop.
  2248 | D:3      | Found Wiemp's General Store.
  2253 | D:3      | Noticed Grinder
  2254 | D:3      | Paralysed by Grinder for 5 turns
  2267 | D:3      | Killed Grinder
  2268 | D:3      | Reached skill level 8 in Ranged Weapons
  2268 | D:3      | Reached XP level 5. HP: 35/42 MP: 4/4
  2268 | D:3      | Reached XP level 6. HP: 42/50 MP: 5/5
  2269 | D:3      | Bought a scroll of brand weapon for 123 gold pieces
  2320 | D:3      | Found Zin's Purification Station.
  2330 | D:3      | Found a glowing silver altar of Zin.
  2840 | D:3      | Found Dekessyg's Distillery.
  2986 | D:4      | Reached skill level 9 in Ranged Weapons
  2986 | D:4      | Reached XP level 7. HP: 40/56 MP: 6/6
  3478 | D:4      | Reached skill level 10 in Ranged Weapons
  3687 | D:4      | Found a shimmering altar of Xom.
  3693 | D:4      | Found a sparkling altar of Nemelex Xobeh.
  3707 | D:5      | Entered Level 5 of the Dungeon
  3845 | D:5      | Noticed Blork the orc
  3855 | D:5      | Killed Blork the orc
  4206 | D:5      | Found a large runed translucent door.
  4219 | D:5      | Found a large runed translucent door.
  4220 | D:5      | Found a large runed translucent door.
  4225 | D:5      | Found a large runed translucent door.
  4279 | D:5      | Noticed a troll
  4640 | D:5      | Reached skill level 11 in Ranged Weapons
  4640 | D:5      | Reached XP level 8. HP: 27/62 MP: 7/7
  4640 | D:5      | HP: 2/62 [troll (7)]
  5052 | D:5      | Killed a troll
  5093 | D:5      | Reached skill level 12 in Ranged Weapons
  5490 | D:3      | Bought a potion of heal wounds for 65 gold pieces
  6151 | D:5      | Found a large runed translucent door.
  6152 | D:5      | Found a large runed translucent door.
  6333 | D:6      | Found Maxzumekh's Jewellery Emporium.
  6866 | D:6      | Reached skill level 13 in Ranged Weapons
  7152 | D:5      | Reached XP level 9. HP: 68/68 MP: 8/8
  7297 | D:3      | Bought a potion of curing for 39 gold pieces
  7498 | D:6      | Found a staircase to the Ecumenical Temple.
  7519 | Temple   | Entered the Ecumenical Temple
  7668 | Temple   | Became a worshipper of Warmaster Okawaru
  7711 | D:6      | Reached skill level 14 in Ranged Weapons
  8266 | D:7      | Reached * piety under Okawaru
  8267 | D:7      | Reached skill level 15 in Ranged Weapons
  8418 | D:7      | Found a broken altar of Ashenzari.
  8421 | D:7      | Noticed Menkaure
  8426 | D:7      | Killed Menkaure
  8789 | D:7      | Reached ** piety under Okawaru
  8847 | D:7      | Found a white marble altar of Elyvilon.
  9002 | D:3      | Bought a potion of curing for 39 gold pieces
  9386 | D:8      | Reached skill level 16 in Ranged Weapons
  9386 | D:8      | Reached XP level 10. HP: 68/74 MP: 9/9
  9390 | D:8      | Reached skill level 1 in Armour
 10095 | D:8      | Paralysed by a hornet for 3 turns
 10612 | D:8      | Reached skill level 5 in Armour
 10768 | D:8      | Found a radiant altar of Vehumet.
 11027 | D:3      | Bought a potion of lignification for 39 gold pieces
 11027 | D:3      | Bought a potion of curing for 39 gold pieces
 11282 | D:9      | Reached *** piety under Okawaru
 11921 | D:9      | Noticed a two-headed ogre
 12233 | D:9      | Identified the +0 cloak of the Past {rN+ Dex+3}
 12305 | D:9      | Killed a two-headed ogre
 12346 | D:9      | Found a staircase to the Orcish Mines.
 12402 | D:10     | Entered Level 10 of the Dungeon
 12502 | D:10     | Reached **** piety under Okawaru
 12630 | D:3      | Bought a scroll of teleportation for 39 gold pieces
 12630 | D:3      | Bought a scroll of teleportation for 39 gold pieces
 12798 | D:10     | Noticed a cyan ugly thing
 12821 | D:10     | Killed a cyan ugly thing
 12822 | D:10     | Reached skill level 10 in Armour
 13219 | D:10     | Reached XP level 11. HP: 64/80 MP: 10/10
 13906 | D:3      | Bought 5 datura-tipped darts for 22 gold pieces
 14444 | D:3      | Bought a potion of lignification for 39 gold pieces
 15155 | D:10     | Found a staircase to the Lair.
 15327 | D:11     | Noticed a boulder beetle
 15363 | D:11     | Slain by a boulder beetle

Illustrated notes

Levels and vault maps discovered:
D:1:      dpeg_arrival_tiny_a, layout_basic, serial_bayou_ford_a,
          roderic_roman_lattice, st_stairs_1, kennysheep_minor_cross
D:2:      layout_loops_cross, ebering_ecumenical_altar_petrified
D:3:      layout_loops_corners, zin_purify, serial_shops, nicolae_diamond_shop,
          nicolae_shop_trees, shop, nicolae_shop_waterfront, uniq_grinder
D:4:      layout_rooms, nicolae_overflow_hidden_temple, grunt_ministairs_3,
          kennysheep_generic_room_16
D:5:      layout_loops_ring, minmay_hollow_rounded_squares, uniq_blork_the_orc
D:6:      layout_rooms, serial_shops, nicolae_stop_n_shop_2
D:7:      layout_basic, old_standard_altar, kennysheep_mini_moat, uniq_menkaure
D:8:      layout_basic, lemuel_coloured_pillars_altar,
          hangedman_decor_diamond_cutter
D:9:      layout_basic, hiddenorc1_lemuel
D:10:     layout_irregular_city, erik_lair_dragon
D:11:     layout_roguey
Temple:   nicolae_temple_bog_church

Skill      XL: |  1  2  3  4  5  6  7  8  9 10 11 |
---------------+----------------------------------+-----
Ranged Weapons | 5 6 8 9 11 13 16 | 16.0
Armour         | 10 12 | 12.5
Fighting       | |  2.4
Dodging        | |  2.1
Stealth        | |  0.7

Action                   |  1- 3 |  4- 6 |  7- 9 | 10-12 || total
-------------------------+-------+-------+-------+-------++-------
Melee: Unarmed           |       |       |       |    14 ||    14
       Shortbow          |       |       |       |     1 ||     1
 Fire: Shortbow          |    99 |    98 |   323 |   460 ||   980
Throw: Dart              |       |     3 |     2 |       ||     5
       Throwing net      |       |       |     2 |       ||     2
Invok: Heroism           |       |       |       |     7 ||     7
       Finesse           |       |       |       |     2 ||     2
Evoke: Wand              |       |     2 |     1 |       ||     3
  Use: Scroll            |       |     5 |    13 |     5 ||    23
       Potion            |       |     4 |     6 |    11 ||    21
Armor: Leather armour    |    17 |    31 |    58 |     1 ||   107
       Scale mail        |       |       |       |   189 ||   189
       Skin              |       |       |       |    12 ||    12
Dodge: Dodged            |    33 |    41 |   104 |   141 ||   319
